 Dungeon Crawl Stone Soup version 0.27-a0-1196-g3e9cee4cb2 (webtiles) character file.

Game seed: 9976959318197498511

331 Mesmaeker13 the Caller (level 6, 0/28 (32) HPs)
             Began as a Tengu Summoner on May 27, 2021.
             Slain by a wight
             ... wielding a +2 spear
              (1 damage)
             ... on level 4 of the Dungeon.
             The game lasted 00:12:27 (5727 turns).

Mesmaeker13 the Caller (Tengu Summoner)             Turns: 5727, Time: 00:12:27

HP:   0/28 (32)     AC:  4    Str:  9    XL:     6   Next: 52%
MP:   8/12          EV: 15    Int: 17    God:
Gold: 231           SH:  0    Dex: 14    Spells: 2/12 levels left

rFire    . . .     SeeInvis .   r - +1 dagger (protect)
rCold    . . .     Faith    .   (no shield)
rNeg     + . .     Spirit   .   n - +0 leather armour {rN+}
rPois    .         Reflect  .   (helmet restricted)
rElec    .         Harm     .   (no cloak)
rCorr    .         Rampage  .   q - +0 pair of gloves
Will     .....                  (boots unavailable)
Stlth    ++........             (no amulet)
HPRegen  0.09/turn              (no ring)
MPRegen  0.13/turn              (no ring)

@: flying quickly and evasively, heavily drained, quick
A: beak, talons 3, nimble flight
a: no special abilities


You were on level 4 of the Dungeon.
You visited 1 branch of the dungeon, and saw 4 of its levels.
You also visited: Sewer.

You collected 231 gold pieces.

Inventory:

Hand Weapons
 r - a +1 dagger of protection (weapon)
Missiles
 p - 16 poisoned darts
Armour
 n - a +0 leather armour of positive energy (worn)
 q - a +0 pair of gloves (worn)
Scrolls
 b - 3 scrolls of fog
 c - a scroll of teleportation {unknown}
 e - a scroll of identify {unknown}
 h - a scroll of noise {unknown}
 i - a scroll of enchant armour {unknown}
 k - a scroll of acquirement {unknown}
 l - a scroll of magic mapping {unknown}
 m - a scroll of summoning {unknown}
Potions
 d - 4 potions of attraction
 f - a potion of heal wounds
 g - a potion of curing {unknown}
 j - a potion of ambrosia {unknown}
 o - 2 potions of flight {unknown}


   Skills:
 + Level 4.3 Dodging
 - Level 2.0 Stealth
 + Level 3.6 Spellcasting
 + Level 6.4 Summonings
 + Level 1.4 Ice Magic


You had 2 spell levels left.
You knew the following spells:

 Your Spells              Type           Power      Damage    Failure   Level
a - Summon Small Mammal   Summ           100%       N/A       1%          1
b - Call Imp              Summ           25%        N/A       2%          2
c - Call Canine Familiar  Summ           25%        N/A       4%          3
d - Summon Ice Beast      Ice/Summ       16%        N/A       41%         4

Your spell library contained the following spells:

 Spells                   Type           Power      Damage    Failure   Level
 Summon Guardian Golem    Hex/Summ       14%        N/A       19%         3
 Summon Lightning Spire   Summ/Air       14%        N/A       52%         4


Dungeon Overview and Level Annotations

Branches:
Dungeon (4/15)              Sewer (visited)
 Temple: D:4-7

Altars:

Annotations:
D:4 Grinder


Innate Abilities, Weirdness & Mutations

You have a beak for a mouth.
You have claws for feet.
Your magical nature lets you fly swiftly and evasively.


Message History

The wight is moderately damaged.
Your hound closely misses the wight.
Your white imp gestures at the wight.
The puff of frost hits the wight.
The wight resists.
The wight misses you.
Your crimson imp barely misses the wight.
The wight hits your crimson imp with a +3 hand axe!
Your crimson imp dies!
You barely miss the wight. You claw the wight.
The wight is heavily damaged.
Your hound bites the wight but does no damage.
Your white imp hits the wight.
Your white imp freezes the wight.
The wight completely resists.
The wight barely misses your hound.
Your crimson imp blinks!
Your hound closely misses the wight.
You hit the wight but do no damage.
The wight is severely damaged.
Your hound disappears in a puff of smoke!
The wight closely misses you.
Your white imp closely misses the wight.
Unknown command.
You hit the wight but do no damage. Your peck misses the wight.
The wight is severely damaged.
The wight hits you with a +6 short sword!
Your white imp hits the wight but does no damage.
The wight hits you with a +3 hand axe.
* * * LOW HITPOINT WARNING * * *
You partially resist.
You feel drained. The wight misses your white imp.
Your white imp hits the wight but does no damage.
Your crimson imp blinks!
The wight hits your white imp with a +6 short sword.
Your white imp hits the wight but does no damage.
The wight hits your white imp with a +6 short sword!
Your white imp dies!
You see here 14 stones.
There is a stone staircase leading up here.
The wight hits you from afar with a +2 spear!
* * * LOW HITPOINT WARNING * * *
You partially resist.
You feel drained.
You die...

#..# #...............# #..#
#...............# #..#
#.##....[...รท.### #..#
#z#######..#### #..# #.#
##..## #..# #z# ##..##
##..## ##.####..##
#.<..####...##..##
#.....##....@.)##
##.............# #######
#####......z..########......
###.............).......
##..........#######...
#......##### #### ##....##
##....# #.....##


You could see 2 wights.

Vanquished Creatures
  A wight (D:4)
  A bullfrog zombie (D:4)
  A dart slug (D:4)
  An orc (D:3)
  2 bats (D:3)
  4 giant cockroaches
  6 goblins
  2 hobgoblins
  A jackal (D:3)
  A kobold (Sewer)
  5 quokkas
  A jackal skeleton (D:4)
  A rat (D:3)
27 creatures vanquished.

Vanquished Creatures (collateral kills)
  Purgy (Sewer)
  A lemure (D:4)
  A scorpion (D:4)
  An orc priest (D:3)
  2 orc wizards (D:3)
  Natasha (thrice) (D:2)
  Robin (D:4)
  2 adders
  3 gnolls (D:4)
  A worm (D:3)
  2 dart slugs
  4 orcs
  7 bats
  3 endoplasms
  5 giant cockroaches
  10 goblins
  7 hobgoblins
  A jackal (D:3)
  2 ball pythons (D:1)
  A frilled lizard (Sewer)
  3 kobolds
  A rat (D:1)
62 creatures vanquished.

Vanquished Creatures (others)
  6 plants (D:3)
6 creatures vanquished.

Grand Total: 95 creatures vanquished

Notes
Turn   | Place    | Note
-------+----------+-------------------------------------------
     0 | D:1      | Mesmaeker13 the Tengu Summoner began the quest for the Orb.
     0 | D:1      | Reached XP level 1. HP: 10/10 MP: 4/4
   802 | D:1      | Reached skill level 5 in Summonings
   802 | D:1      | Reached XP level 2. HP: 15/15 MP: 1/6
   866 | D:1      | Found a faded altar of an unknown god.
  1284 | D:2      | Learned a level 2 spell: Call Imp
  1371 | D:2      | Noticed Natasha
  1380 | D:2      | Noticed a crimson imp
  1958 | D:2      | Reached XP level 3. HP: 14/19 MP: 3/7
  1986 | D:2      | Killed Natasha
  2559 | D:2      | Noticed Natasha
  2568 | D:2      | Killed Natasha
  2569 | D:2      | Reached XP level 4. HP: 23/24 MP: 2/9
  2734 | D:2      | Noticed Natasha
  2742 | D:2      | Killed Natasha
  2873 | D:2      | Learned a level 3 spell: Call Canine Familiar
  3269 | D:3      | Found a glowing drain.
  3305 | Sewer    | Entered a sewer
  3532 | Sewer    | Noticed Purgy
  3699 | Sewer    | Killed Purgy
  3700 | Sewer    | Reached skill level 6 in Summonings
  3700 | Sewer    | Gained mutation: Your magical nature lets you fly swiftly
                  | and evasively. [Tengu growth]
  3700 | Sewer    | Reached XP level 5. HP: 28/28 MP: 1/10
  3808 | D:4      | Learned a level 4 spell: Summon Ice Beast
  3832 | D:4      | Noticed Grinder
  4042 | D:4      | Noticed Robin
  4119 | D:4      | Killed Robin
  4513 | D:4      | Reached XP level 6. HP: 32/32 MP: 7/12
  4712 | D:4      | Reached skill level 1 in Ice Magic
  5727 | D:4      | HP: 1/29 [wight/+2 spear (8)]
  5727 | D:4      | Slain by a wight

Illustrated notes

Levels and vault maps discovered:
D:1:      dpeg_arrival_court, layout_rooms, ebering_ecumenical_altar_mist,
          glass_columns_c, kennysheep_small_spiral, serial_park_tiny_pond
D:2:      kennysheep_the_goblin_king, layout_loops_ring, uniq_natasha
D:3:      layout_rooms, portal_sewer_entry_f, serial_bayou_ford_a,
          serial_park_tiny_2
D:4:      layout_layer_cave, kennysheep_generic_room_12, uniq_robin, uniq_pikel,
          uniq_grinder

Skill      XL: |  1  2  3  4  5  6 |
---------------+-------------------+-----
Summonings     | 5 6 |  6.4
Dodging        | 3 4 |  4.3
Spellcasting   | 3 |  3.6
Ice Magic      | 1 |  1.4
Stealth        | |  2.0

Action                   |  1- 3 |  4- 6 || total
-------------------------+-------+-------++-------
Melee: Unarmed           |    11 |       ||    11
       Dagger            |    43 |    51 ||    94
       Kick              |     9 |    26 ||    35
       Peck              |     7 |    13 ||    20
       Hand axe          |     2 |     2 ||     4
       Rapier            |       |    65 ||    65
 Cast: Summon Small Mamm |    28 |     2 ||    30
       Call Imp          |    18 |    57 ||    75
       Call Canine Famil |       |    22 ||    22
  Use: Scroll            |     1 |       ||     1
       Potion            |       |     2 ||     2
 Stab: Distracted        |     1 |     2 ||     3
       Sleeping          |       |     2 ||     2
Armor: Robe              |    17 |    24 ||    41
       Leather armour    |       |     4 ||     4
Dodge: Dodged            |    62 |   134 ||   196

Table legend: (Time is in decaauts)
 A = Elapsed time spent in this place.
 B = Non-inter-level travel time spent in this place.
 C = Inter-level travel time spent in this place.
 D = Time resting spent in this place.
 E = Time spent auto-exploring this place.
 F = Levels seen in this place.
 G = Mean time per level.
                   A        B        C        D        E       F      G
               +--------+--------+--------+--------+--------+-----+--------+
         Total |   5679 |   5499 |    180 |   1989 |   1934 |   5 | 1135.8 |
       Dungeon |   5195 |   5015 |    180 |   1769 |   1871 |   4 | 1298.8 |
         Sewer |    483 |    483 |      0 |    220 |     63 |   1 |  483.0 |
               +--------+--------+--------+--------+--------+-----+--------+

Top non-repeatable levels by time:
     D:1: 1491 daAuts
     D:2: 1452 daAuts
     D:4: 1172 daAuts
     D:3: 1079 daAuts
   Sewer: 483 daAuts
